 Dungeon Crawl Stone Soup version 0.31-a0-303-gdc8c9485ea (webtiles) character file.

Game seed: 4344246765582948007

81 Hubjo the Trooper (level 4, 0/35 HPs)
             Began as a Demonspawn Shapeshifter on July 16, 2023.
             Slain by Crazy Yiuf
             ... wielding a +2 quarterstaff of chaos
              (10 damage)
             ... on level 2 of the Dungeon.
             The game lasted 00:04:28 (1964 turns).

Hubjo the Trooper (Demonspawn Shapeshifter)         Turns: 1964, Time: 00:04:29

Health: 0/35       AC:  2    Str: 15    XL:     4   Next: 20%
Magic:  4/6        EV: 12    Int: 10    God:
Gold:   115        SH:  0    Dex: 15    Spells: 6/6 levels left

rFire   . .          .
                       - Unarmed
rCold   . . .        (no shield)
rNeg    . . .        (no body armour)
rPois   .            (helmet currently unavailable)
rElec   .            (cloak currently unavailable)
rCorr   .            (gloves currently unavailable)
SInv    .            g - melded +2 pair of boots
Will    .....        (no amulet)
Stlth   +            (no ring)
HPRegen 0.25/turn    (no ring)
MPRegen 0.20/turn

%: no passive effects
@: beast-form
A: beast (slay +1), yellow scales 1, magic regeneration, demonic magic 1
a: Begin Untransformation


You were on level 2 of the Dungeon.
You were a hulking beast.
You visited 1 branch of the dungeon, and saw 2 of its levels.

You collected 115 gold pieces.

Inventory:

Hand Weapons
 f - a +4 dagger
Armour
 g - a +2 pair of boots (melded)
Talismans
 c - a beast talisman
Scrolls
 j - a scroll of teleportation
Potions
 a - a potion of mutation {unknown}
 b - a potion of lignification
 d - a potion of ambrosia
 e - a potion of curing
 h - a potion of cancellation
 i - a potion of berserk rage {unknown}
 k - a potion of attraction {unknown}


   Skills:
 + Level 3.1 Fighting
 - Level 1.7 Dodging
 + Level 2.7 Unarmed Combat
 + Level 1.8 Spellcasting
 - Level 2.6 Shapeshifting


You had 6 spell levels left.
You didn't know any spells.
Your spell library contained the following spells:

 Spells                   Type           Power      Damage    Failure   Level
 Kiss of Death            Conj/Necr      0%         2d5       32%         1
 Necrotise                Necr           0%         1d4       32%         1
 Sting                    Tmut/Pois      0%         1d3       32%         1
 Poisonous Vapours        Pois/Air       0%         N/A       43%         2
 Sublimation of Blood     Necr           0%         N/A       43%         2
 Call Canine Familiar     Summ           0%         N/A       67%         3
 Gell's Gravitas          Tloc           0%         N/A       67%         3
 Portal Projectile        Hex/Tloc       0%         N/A       67%         3
 Teleport Other           Tloc           0%         N/A       67%         3
 Vampiric Draining        Necr           0%         2d6       67%         3
 Leda's Liquefaction      Hex/Erth       0%         N/A       97%         4
 Olgreb's Toxic Radiance  Pois           0%         N/A       97%         4
 Dispersal                Tloc           0%         N/A       100%        6


Dungeon Overview and Level Annotations

Branches:
Dungeon (2/15)

Altars:
Kikubaaqudgha

Annotations:
D:2 Crazy Yiuf


Innate Abilities, Weirdness & Mutations

You are a hulking beast.
Your limbs bulge with bestial killing power. (Slay +1)
You are partially covered in yellow scales. (AC +2)
You regenerate magic rapidly.
Spells you cast may paralyse adjacent enemies.


Message History

There is an open door here.
There is an open door here.
There is an open door here.
There is an open door here.
There is an open door here.
You see here a +0 hammer.
You see here a +0 hammer.
You see here a +0 hammer.
Crazy Yiuf shouts!
You see here a +0 hammer.
You see here a +0 hammer.
Could not explore, unopened runed door.
Could not explore, unopened runed door.
Could not explore, unopened runed door.
You open the door. You hit Crazy Yiuf but do no damage.
Crazy Yiuf hits you with a +2 quarterstaff of chaos!
You are poisoned.
You closely miss Crazy Yiuf.
You feel very sick.
Crazy Yiuf hits you with a +2 quarterstaff of chaos.
You hit Crazy Yiuf.
Crazy Yiuf is lightly wounded.
You feel very sick. Crazy Yiuf barely misses you.
You hit Crazy Yiuf but do no damage.
Crazy Yiuf is lightly wounded.
You feel sick. Crazy Yiuf closely misses you.
You hit Crazy Yiuf.
Crazy Yiuf is lightly wounded.
You feel sick.
You feel better.
Crazy Yiuf hits you with a +2 quarterstaff of chaos!
* * * LOW HITPOINT WARNING * * *
You feel your power leaking away.
You hit Crazy Yiuf but do no damage.
Crazy Yiuf is lightly wounded.
Crazy Yiuf says, "Shower cloud tortoise!"
Crazy Yiuf hits you with a +2 quarterstaff of chaos!
You die...

##..##
######)##
#....#
###.......##
♣....♣
#...........
♣♣..)♣
#...........
♣♣)♣♣
#...........
♣♣)♣
#...........
♣)♣♣
#...........
♣♣)♣
#...........
♣h♣♣
#..######...
#g# #..#
##.. )))
#..# #..
#)))# ####
### #).)#
#####


You could see Crazy Yiuf.

Vanquished Creatures
  Terence (D:2)
  2 adders (D:2)
  An orc (D:2)
  3 endoplasms
  2 giant cockroaches (D:2)
  4 goblins
  3 hobgoblins (D:1)
  3 kobolds
  A quokka (D:2)
  5 ball pythons
  3 bats
  3 frilled lizards
  6 rats
37 creatures vanquished.

Notes
Turn   | Place    | Note
-------+----------+-------------------------------------------
     0 | D:1      | Hubjo the Demonspawn Shapeshifter began the quest for the
                  | Orb.
     0 | D:1      | Reached XP level 1. HP: 16/16 MP: 1/1
   268 | D:1      | Gained mutation: You are partially covered in yellow
                  | scales. (AC +2) [demonic ancestry]
   268 | D:1      | Reached XP level 2. HP: 12/22 MP: 2/2
   655 | D:1      | Reached skill level 1 in Spellcasting
   697 | D:1      | Found a faded altar of an unknown god.
   797 | D:1      | Prayed at the altar of an unknown god.
   797 | D:1      | Became a worshipper of Kikubaaqudgha
   797 | D:1      | Reached * piety under Kikubaaqudgha
   797 | D:1      | Received a gift from Kikubaaqudgha
   799 | D:1      | Fell from the grace of Kikubaaqudgha
   986 | D:2      | Noticed Terence
  1018 | D:2      | Killed Terence
  1019 | D:2      | Gained mutation: Spells you cast may paralyse adjacent
                  | enemies. [demonic ancestry]
  1019 | D:2      | Reached XP level 3. HP: 8/28 MP: 3/5
  1146 | D:2      | Reached skill level 3 in Fighting
  1266 | D:2      | Gained mutation: You regenerate magic rapidly. [demonic
                  | ancestry]
  1266 | D:2      | Reached XP level 4. HP: 35/35 MP: 6/6
  1765 | D:2      | Found a runed translucent door.
  1766 | D:2      | Noticed Crazy Yiuf
  1964 | D:2      | Slain by Crazy Yiuf

Illustrated notes

Levels and vault maps discovered:
D:1:      dpeg_arrival_shelter, layout_basic,
          hellmonk_ecumenical_altar_inner_sanctum, minivault_19
D:2:      layout_basic, corexii_corridor_pit, chequers_jeans, uniq_terence,
          uniq_crazy_yiuf_cottage

Skill      XL: |  1  2  3 |
---------------+----------+-----
Unarmed Combat | 2 |  2.7
Spellcasting   | 1 |  1.8
Fighting       | 3 |  3.1
Dodging        | |  1.7
Shapeshifting  | |  2.6

Action                     |  1- 3 |  4- 6 || total
---------------------------+-------+-------++-------
  Melee: Unarmed           |   105 |    23 ||   128
         Punch             |     1 |       ||     1
 Invoke: Renounce Religion |     1 |       ||     1
    Use: Potion            |     3 |     1 ||     4
         Scroll            |     2 |     1 ||     3
 Armour: Animal skin       |     4 |       ||     4
         Skin              |    12 |     2 ||    14
  Dodge: Dodged            |    69 |    12 ||    81
         Form:             |     2 |       ||     2
         Beast             |     2 |       ||     2

Table legend: (Time is in decaauts)
 A = Elapsed time spent in this place.
 B = Non-inter-level travel time spent in this place.
 C = Inter-level travel time spent in this place.
 D = Time resting spent in this place.
 E = Time spent auto-exploring this place.
 F = Levels seen in this place.
 G = Mean time per level.
                   A        B        C        D        E       F      G
               +--------+--------+--------+--------+--------+-----+--------+
         Total |   1957 |   1909 |     48 |      0 |   1490 |   2 |  978.5 |
       Dungeon |   1957 |   1909 |     48 |      0 |   1490 |   2 |  978.5 |
               +--------+--------+--------+--------+--------+-----+--------+

Top non-repeatable levels by time:
     D:2: 1057 daAuts
     D:1: 900 daAuts
